 Dungeon Crawl Stone Soup version 0.31-a0-744-gbc345e7fcb (webtiles) character file.

Game seed: 5656672842907921454

28105 randomguy2701 the Severer (level 13, -8/117 HPs)
             Began as a Hill Orc Fighter on Sept 14, 2023.
             Was the Champion of Beogh.
             Mangled by an orc warrior
             ... wielding a +0 mace
              (13 damage)
             ... on level 2 of the Orcish Mines.
             The game lasted 00:35:33 (16628 turns).

randomguy2701 the Severer (Hill Orc Fighter)       Turns: 16628, Time: 00:35:34

Health: -8/117     AC: 23    Str: 28    XL:     13   Next: 36%
Magic:  0/21       EV:  6    Int:  8    God:    Beogh [******]
Gold:   1614       SH:  7    Dex: 19    Spells: 12/12 levels left

rFire   x . .        B - +1 hand axe "Gaeseill" {spect, Str-2 Dex+9}
rCold   + + .        c - +0 buckler
rNeg    . . .        R - +1 crystal plate armour {rC+}
rPois   .            (no helmet)
rElec   .            (no cloak)
rCorr   .            (no gloves)
SInv    .            (no boots)
Will    .....        i - amulet of guardian spirit Stlth
                     I - ring of ice
HPRegen 0.39/turn    M - +6 ring of strength
MPRegen 0.17/turn

%: guardian spirit
@: mighty, marked
A: walk on water
a: Renounce Religion, Smiting, Recall Orcish Followers, Give Item to Named
Follower, Resurrection


You were on level 2 of the Orcish Mines.
You worshipped Beogh.
Beogh was exalted by your worship.
You visited 3 branches of the dungeon, and saw 17 of its levels.
You also visited: Ice Cave.

You collected 1614 gold pieces.

Inventory:

Hand Weapons
 B - the +1 hand axe "Gaeseill" (weapon) {spect, Str-2 Dex+9}
   (You found it on level 6 of the Dungeon)

   Str-2:     It affects your strength (-2).
   Dex+9:     It affects your dexterity (+9).
 E - a +1 heavy hand axe
Missiles
 G - 5 throwing nets
Armour
 c - a +0 buckler (worn)
 k - a +0 crystal plate armour
 R - a +1 crystal plate armour of cold resistance (worn)
Jewellery
 i - an amulet of guardian spirit (around neck)
 t - a ring of resist corrosion
 w - a ring of magical power
 I - a ring of ice (left hand)
 L - a ring of see invisible
 M - a +6 ring of strength (right hand)
Wands
 l - a wand of mindburst (40)
 n - a wand of acid (4)
 r - a wand of iceblast (6)
 D - a wand of flame (23)
 P - a wand of polymorph (8)
 Q - a wand of paralysis (7)
Scrolls
 b - 8 scrolls of noise
 e - a scroll of teleportation
 f - a scroll of identify
 j - a scroll of enchant armour {unknown}
 m - 2 scrolls of vulnerability
 q - a scroll of revelation {unknown}
 u - 2 scrolls of silence {unknown}
 x - 2 scrolls of amnesia {unknown}
 y - a scroll of fear {unknown}
 F - 2 scrolls of enchant weapon {unknown}
 H - a scroll of fog {unknown}
 J - a scroll of summoning {unknown}
 N - a scroll of brand weapon {unknown}
 O - 3 scrolls of acquirement {unknown}
Potions
 a - 2 potions of invisibility
 d - 3 potions of might
 g - 4 potions of curing
 h - 2 potions of attraction
 o - 3 potions of haste
 p - a potion of resistance
 s - 2 potions of enlightenment
 v - a potion of brilliance
 z - a potion of magic
 A - 2 potions of berserk rage
 C - 4 potions of mutation
 K - a potion of heal wounds


   Skills:
 + Level 11.6 Fighting
 + Level 15.1 Axes
 + Level 13.2 Armour
 + Level 4.4 Stealth
 + Level 8.7 Shields
 - Level 11.0 Invocations
 + Level 0.1 Evocations


You had 12 spell levels left.
You didn't know any spells.
Your spell library contained the following spells:

 Spells                   Type           Power      Damage    Failure   Level
 Summon Small Mammal      Summ           0%         N/A       100%        1
 Call Canine Familiar     Summ           0%         N/A       100%        3
 Summon Guardian Golem    Hex/Summ       0%         N/A       100%        3


Dungeon Overview and Level Annotations

Branches:
Dungeon (12/15)            Temple (0/1) D:7            Lair (3/5) D:10
  Snake (0/4) Lair:2          Orc (2/2) D:11          IceCv (visited)
  Swamp: Lair:2-3    Shoals: Lair:2-3       Elf: Orc:2

Altars:
Dithmenos
Elyvilon
Gozag
Hepliaklqana
Kikubaaqudgha
Okawaru
Qazlal
Sif Muna
Xom
The Shining One
Beogh

Shops:
D:9 (   D:11 [   Orc:1 !

Annotations:
Lair:1 1 transporter
Lair:2 1 runed translucent door, SirDiesAlot's ghost, journeyman OgEE


Message History

The ufetubus hits you but does no damage.
You block the ufetubus's attack.
The rust devil misses your +1 hand axe "Gaeseill" {spect, Str-2 Dex+9}.
Borgun wields a +0 orcbow.
Borgun shoots an arrow.
The arrow closely misses the orc priest.
The arrow hits the ufetubus!
The ufetubus dies!
The ufetubus disappears in a puff of smoke!
Unknown command.
Unknown command.
Unknown command.
You don't have enough magic at the moment.
Okay, then.
You hit the orc sorcerer but do no damage.
The orc sorcerer is almost dead.
You hit the orc high priest. You completely miss the orc warrior.
Your +1 hand axe "Gaeseill" {spect, Str-2 Dex+9} hits the orc sorcerer!
You kill the orc sorcerer!
Beogh accepts your kill.
The sun demon disappears in a puff of smoke!
Your orc priest looks more experienced.
Your +1 hand axe "Gaeseill" {spect, Str-2 Dex+9} barely misses something.
Your +1 hand axe "Gaeseill" {spect, Str-2 Dex+9} hits the rust devil!
Your +1 hand axe "Gaeseill" {spect, Str-2 Dex+9} hits the orc warrior!
Your +1 hand axe "Gaeseill" {spect, Str-2 Dex+9} hits the orc priest!
Your +1 hand axe "Gaeseill" {spect, Str-2 Dex+9} closely misses the ufetubus.
Your +1 hand axe "Gaeseill" {spect, Str-2 Dex+9} barely misses the orc high priest.
Your +1 hand axe "Gaeseill" {spect, Str-2 Dex+9} hits the orc warrior!
Your +1 hand axe "Gaeseill" {spect, Str-2 Dex+9} hits something.
Your +1 hand axe "Gaeseill" {spect, Str-2 Dex+9} hits the rust devil but does no damage.
Your +1 hand axe "Gaeseill" {spect, Str-2 Dex+9} hits the orc sorcerer.
Your orc warrior no longer looks unusually strong.
Something completely misses your +1 hand axe "Gaeseill" {spect, Str-2 Dex+9}.
Your orc warrior hits the orc knight with a +0 war axe!
Your orc warrior barely misses something.
Your orc warrior throws a boomerang.
The boomerang hits the ice devil!
The orc warrior hits you with a +0 mace!
You die...
Beogh appreciates the orc warrior's killing of a heretic priest. .# .# #o...⌠....# .# #.........# .# #.o....o..# .. .# ###.o.4)o...###o. .# ...o)o4oo{53.oo.. ### .# ...oo3§.4o4.)).. #.## .# ).o.)o.§(o45)).. #... .# #)oooo@o5.# #... .# #..oooooo.#

#.#. .# #..)oo)o.o# #o.. .#
#.........# #oo. .# #.........#
#.#.
.############.....############.#o
....................ooooo......##
......................oo........#
#.##.............................


You could see an orc knight (distracted, ally target), 2 orc high priests, an
orange demon (summoned), a hellwing (summoned), 2 ice devils, a rust devil
(summoned, ally target), a neqoxec (summoned), a ynoxinul (summoned), an orc
sorcerer (strong), an orc warrior (strong), 2 orc priests, 3 ufetubi, a friendly
orc knight (strong, very poisoned, drained), the friendly Borgun the orc knight
(strong), the friendly Ogrik the orc knight (strong), 9 friendly orc warriors,
the friendly Harm the orc warrior (strong), a friendly +1 hand axe "Gaeseill"
{spect, Str-2 Dex+9}, 4 friendly orc priests, a friendly orc wizard (strong,
invisible) and 6 friendly orcs.

Vanquished Creatures
  An orc warlord (Orc:2)
  3 two-headed ogres
  Amaemon (Lair:1)
  A skyshark (Lair:2)
  Lodul (D:11)
  An orc knight (Orc:2)
  3 orc sorcerers
  A cyclops (D:10)
  An ugly thing (IceCv)
  2 black mambas (Lair:2)
  Maurice (D:12)
  An orange demon (Lair:1)
  An unseen horror (D:11)
  2 cane toads (Lair:2)
  3 rime drakes
  A troll (D:12)
  A merfolk (D:9)
  8 blink frogs
  3 wraiths
  A vampire (D:11)
  20 yaks
  A basilisk (D:11)
  12 vampire mosquitoes
  A warg (Orc:2)
  14 water moccasins
  7 orc warriors
  2 black bears
  8 ogres
  4 centaurs
  5 wolves (Lair:2)
  6 bullfrogs
  A kobold brigand (D:11)
  A gnoll sergeant (D:9)
  A scorpion (D:7)
  4 wights (D:8)
  2 elephant simulacra (IceCv)
  13 killer bees
  5 howler monkeys
  A jelly (D:7)
  3 hounds
  5 orc priests
  2 gnoll boudas
  4 iguanas
  18 orc wizards
  A polar bear simulacrum (IceCv)
  2 wolf simulacra (IceCv)
  14 gnolls
  9 adders
  A shadow imp (D:6)
  2 white imps (D:7)
  2 ufetubi
  A worm (D:3)
  2 dart slugs
  59 orcs
  7 ball pythons
  7 endoplasms
  6 giant cockroaches
  6 goblins
  6 hobgoblins
  4 jackals (D:2)
  7 quokkas
  6 bats
  A frilled lizard (D:3)
  10 kobolds
  5 rats
335 creatures vanquished.

Vanquished Creatures (collateral kills)
  An orc warlord (Orc:2)
  Urug (D:10)
  An orc high priest (Orc:2)
  2 orc knights
  A cyclops (D:10)
  A torpor snail (Lair:1)
  A gargoyle (D:12)
  A rime drake (Orc:1)
  A komodo dragon (Lair:1)
  3 trolls
  A hornet (D:11)
  10 blink frogs
  3 dream sheep (Lair:1)
  A shadow (D:12)
  A wyvern (Lair:2)
  4 yaks
  A vampire mosquito (D:12)
  An acid dragon (D:10)
  A warg (Orc:1)
  4 water moccasins
  10 orc warriors
  5 ogres
  A wolf (Lair:2)
  5 orc priests
  8 orc wizards
  11 orcs
80 creatures vanquished.

Vanquished Creatures (others)
  An orc sorcerer (Orc:2)
  13 orc warriors
  11 orc wizards
  9 orc priests
  45 orcs
  7 spectral weapons
86 creatures vanquished.

Grand Total: 501 creatures vanquished

Notes
Turn   | Place    | Note
-------+----------+-------------------------------------------
     0 | D:1      | randomguy2701 the Hill Orc Fighter began the quest for the
                  | Orb.
     0 | D:1      | Reached XP level 1. HP: 19/19 MP: 1/1
    71 | D:1      | Reached XP level 2. HP: 15/27 MP: 2/2
   147 | D:1      | Reached skill level 3 in Axes
   239 | D:1      | Reached XP level 3. HP: 32/33 MP: 3/3
  1008 | D:2      | Found a faded altar of an unknown god.
  1397 | D:2      | Reached skill level 4 in Axes
  1650 | D:3      | Reached XP level 4. HP: 29/39 MP: 1/4
  1807 | D:3      | Reached skill level 5 in Axes
  1877 | D:3      | Reached XP level 5. HP: 36/46 MP: 3/5
  2690 | D:4      | Reached skill level 6 in Axes
  2690 | D:4      | Reached XP level 6. HP: 50/52 MP: 6/6
  2694 | D:4      | Became a worshipper of Beogh the Brigand
  2750 | D:4      | You fall into a shaft and drop 3 floors!
  3124 | D:6      | Noticed a water moccasin
  3125 | D:5      | Entered Level 5 of the Dungeon
  3333 | D:5      | Reached skill level 7 in Axes
  3558 | D:5      | Reached XP level 7. HP: 50/60 MP: 5/7
  3729 | D:5      | Reached * piety under Beogh
  3735 | D:5      | Reached skill level 5 in Fighting
  3909 | D:5      | Found a white marble altar of Elyvilon.
  4667 | D:6      | Identified the +1 hand axe "Gaeseill" {spect, Str-2 Dex+9}
  4697 | D:6      | Reached skill level 8 in Axes
  4697 | D:6      | Reached skill level 5 in Armour
  4963 | D:6      | Reached XP level 8. HP: 55/69 MP: 8/8
  5373 | D:6      | Found an ancient bone altar of Kikubaaqudgha.
  5621 | D:7      | Found a shadowy altar of Dithmenos.
  5628 | D:7      | Found a glowing golden altar of the Shining One.
  5633 | D:7      | Reached skill level 9 in Axes
  5649 | D:7      | Reached skill level 5 in Shields
  5768 | D:7      | Identified the +1 robe of the Holding Gods {rPois}
  5781 | D:7      | Found a staircase to the Ecumenical Temple.
  5892 | D:7      | Found a stormy altar of Qazlal.
  5937 | D:7      | Found an opulent altar of Gozag.
  5986 | D:7      | Found a runed translucent door.
  6245 | D:8      | Reached ** piety under Beogh
  6246 | D:8      | Reached skill level 1 in Invocations
  6264 | D:8      | Reached skill level 10 in Axes
  6363 | D:8      | Reached XP level 9. HP: 54/75 MP: 10/10
  7421 | D:8      | Reached skill level 1 in Stealth
  7427 | D:8      | Reached skill level 11 in Axes
  7786 | D:9      | Noticed a merfolk
  7797 | D:9      | Killed a merfolk
  7798 | D:9      | Reached skill level 5 in Invocations
  8015 | D:9      | Reached XP level 10. HP: 65/86 MP: 13/13
  8016 | D:9      | Reached *** piety under Beogh
  8126 | D:9      | Found an iron altar of Okawaru.
  8167 | D:9      | Found a shimmering altar of Xom.
  8486 | D:9      | Found Pubio's Antique Weapon Shop.
  8640 | D:9      | Noticed a two-headed ogre
  8647 | D:9      | Killed a two-headed ogre
  8648 | D:9      | Reached skill level 12 in Axes
  8715 | D:10     | Entered Level 10 of the Dungeon
  8782 | D:10     | Noticed a cyclops
  8792 | D:10     | Killed a cyclops
  8909 | D:10     | Found a staircase to the Lair.
  8946 | D:10     | Found a shimmering blue altar of Sif Muna.
  9098 | D:10     | Noticed Urug
  9109 | D:10     | Killed Urug
  9487 | D:10     | Reached **** piety under Beogh
  9512 | D:10     | Gained Borgun as an ally
  9513 | D:10     | Reached XP level 11. HP: 69/95 MP: 16/16
  9678 | D:11     | Found Xaaloegu's Armour Shop.
  9678 | D:11     | Found a staircase to the Orcish Mines.
  9678 | D:11     | Noticed a cyclops
  9684 | D:10     | Killed a cyclops
  9685 | D:10     | Reached skill level 13 in Axes
  9841 | D:7      | Found a roughly hewn altar of Beogh.
 10278 | Lair:1   | Entered Level 1 of the Lair of Beasts
 10761 | Lair:1   | Noticed Amaemon
 10769 | Lair:1   | Killed Amaemon
 10811 | Lair:1   | Found a transporter.
 10843 | Lair:1   | Found the +8 demon blade "Leech" {evervamp, Harm Drain rN+}
 10968 | Lair:1   | Reached skill level 10 in Armour
 11076 | Lair:1   | Found a transporter.
 11133 | Lair:1   | Reached ***** piety under Beogh
 11568 | Lair:2   | Found a runed translucent door.
 11577 | Lair:2   | Gained Ogrik as an ally
 11580 | Lair:2   | Reached skill level 10 in Fighting
 11667 | Lair:2   | Noticed SirDiesAlot's ghost (journeyman OgEE)
 11689 | Lair:2   | Reached XP level 12. HP: 106/106 MP: 19/19
 11698 | Lair:2   | Reached skill level 14 in Axes
 12068 | Lair:2   | Found a staircase to the Snake Pit.
 12477 | Lair:2   | Reached skill level 10 in Invocations
 12600 | Lair:2   | Noticed a skyshark
 12635 | Lair:2   | Killed a skyshark
 12956 | Lair:2   | Noticed a five-headed hydra
 12958 | Lair:2   | Noticed a six-headed hydra
 13441 | D:11     | Noticed Lodul
 13451 | D:11     | Killed Lodul
 14237 | D:12     | Noticed a two-headed ogre
 14245 | D:12     | Killed a two-headed ogre
 14340 | D:12     | Noticed Maurice
 14356 | D:12     | Killed Maurice
 14703 | D:12     | Found a faded altar of an unknown god.
 14705 | D:12     | Found a hazy altar of Hepliaklqana.
 14705 | D:12     | Found a faded altar of an unknown god.
 14774 | D:12     | Noticed a two-headed ogre
 14782 | D:12     | Killed a two-headed ogre
 14783 | D:12     | Reached XP level 13. HP: 85/116 MP: 14/21
 15493 | Orc:1    | Entered Level 1 of the Orcish Mines
 15527 | Orc:1    | Found a frozen archway.
 15537 | IceCv    | Entered an ice cave
 15610 | IceCv    | Found a transporter.
 15616 | IceCv    | Found a transporter.
 16040 | Orc:1    | Reached ****** piety under Beogh
 16085 | Orc:1    | Found Imnat's Distillery.
 16417 | Orc:2    | Entered Level 2 of the Orcish Mines
 16527 | Orc:2    | Noticed an orc warlord
 16546 | Orc:2    | Killed an orc warlord
 16547 | Orc:2    | Reached skill level 15 in Axes
 16605 | Orc:2    | Noticed an orc warlord
 16612 | Orc:2    | Gained Wardok as an ally
 16615 | Orc:2    | Your ally Wardok died
 16624 | Orc:2    | Gained Harm as an ally
 16624 | Orc:2    | Killed an orc warlord
 16626 | Orc:2    | HP: 5/117 [orc high priest/+0 trident (3)]
 16628 | Orc:2    | Mangled by an orc warrior

Illustrated notes

Levels and vault maps discovered:
D:1:      roderic_crop_circles_arrival_small, layout_basic, st_stairs_4,
          due_unseen_surprise
D:2:      layout_loops_ring, ebering_ecumenical_altar_mist,
          chequers_serial_rivers_micro_b
D:3:      layout_basic, kennysheep_small_spiral
D:4:      layout_cave_pods
D:5:      layout_cave_pools, nicolae_elyvilon_peaceful_grove
D:6:      layout_basic, kiku_gazebo_garden_becter
D:7:      layout_basic, gammafunk_temple_overflow_forgotten,
          nicolae_gozag_cash_rules_everything_around_me,
          minmay_temple_entry_ruins, lightli_church_of_beogh
D:8:      layout_rooms, serial_rivers, chequers_serial_rivers_marsh,
          chequers_serial_rivers_marsh, chequers_serial_rivers_marsh,
          chequers_serial_rivers_marsh, chequers_serial_rivers_small_3
D:9:      layout_basic, okawaru_metal_pillars_3, old_standard_altar,
          serial_shops, shop, hangedman_fish_farm
D:10:     layout_basic, kennysheep_little_box, lair_entry_dummy, uniq_urug
D:11:     layout_small_grid, orc_david_3, uniq_lodul
D:12:     layout_irregular_city, nicolae_hepliaklqana_ecumenical_no_more,
          uniq_maurice
Lair:1:   gammafunk_worm_tunnel, layout_regular_city,
          dreamdust_deal_with_the_devil, wad_woods_river_04,
          dreamdust_gnoll_shepherd, uniq_amaemon
Lair:2:   layout_roguey, palyth_hydra_swamp_entry,
          minmay_snake_entry_six_corridors, ebering_ghost_reflecting_pool,
          chequers_serial_rivers_micro_b, serial_bayou_shore_a
Lair:3:   gammafunk_mikee_crab_dinner, layout_long_grid,
          chequers_serial_rivers_room_b, nicolae_lair_lindhole, uniq_nergalle
Orc:1:    layout_caves, serial_shops, shop, portal_ice_cave_rime
Orc:2:    st_orc_congregation, layout_caves, serial_shops, bzr_firewalk,
          lemuel_statue_altar

Skill      XL: |  1  2  3  4  5  6  7  8  9 10 11 12 13 |
---------------+----------------------------------------+-----
Axes           | 3 4 5 6 7 8 10 11 12 13 14 15 | 15.1
Fighting       | 4 5 6 7 8 10 11 | 11.6
Shields        | 4 5 6 7 8 |  8.7
Armour         | 4 5 6 8 9 10 12 13 | 13.2
Invocations    | 2 5 7 9 11 | 11.0
Stealth        | 1 2 3 4 |  4.4
Evocations     | |  0.1

Action                     |  1- 3 |  4- 6 |  7- 9 | 10-12 | 13-15 || total
---------------------------+-------+-------+-------+-------+-------++-------
  Melee: War axe           |   103 |   139 |   102 |       |       ||   344
         Hand axe          |       |       |   201 |   513 |   109 ||   823
 Invoke: Convert to Beogh  |       |     1 |       |       |       ||     1
         Recall Orcish Fol |       |       |       |     8 |     7 ||    15
         Give Item to Name |       |       |       |     1 |       ||     1
         Smiting           |       |       |       |       |     1 ||     1
  Evoke: Wand              |       |       |       |     1 |       ||     1
    Use: Scroll            |       |       |     4 |    11 |     1 ||    16
         Potion            |       |       |       |     4 |     1 ||     5
   Stab: Distracted        |       |       |     6 |    15 |     1 ||    22
 Armour: Scale mail        |    39 |       |       |       |       ||    39
         Crystal plate arm |    49 |   182 |   323 |   408 |   109 ||  1071
  Dodge: Dodged            |    45 |    14 |    35 |    91 |    18 ||   203
  Block: Buckler           |    28 |    36 |    69 |   104 |    36 ||   273

Table legend: (Time is in decaauts)
 A = Elapsed time spent in this place.
 B = Non-inter-level travel time spent in this place.
 C = Inter-level travel time spent in this place.
 D = Time resting spent in this place.
 E = Time spent auto-exploring this place.
 F = Levels seen in this place.
 G = Mean time per level.
                   A        B        C        D        E       F      G
               +--------+--------+--------+--------+--------+-----+--------+
         Total |  16484 |  15306 |   1178 |   1884 |  11032 |  18 |  915.8 |
       Dungeon |  12109 |  11146 |    963 |    298 |   9182 |  12 | 1009.1 |
          Lair |   3276 |   3070 |    206 |   1291 |   1397 |   3 | 1092.0 |
  Orcish Mines |    982 |    974 |      8 |    295 |    386 |   2 |  491.0 |
      Ice Cave |    116 |    116 |      0 |      0 |     67 |   1 |  116.0 |
               +--------+--------+--------+--------+--------+-----+--------+

Top non-repeatable levels by time:
  Lair:2: 1641 daAuts
  Lair:1: 1632 daAuts
     D:8: 1434 daAuts
     D:7: 1367 daAuts
     D:5: 1265 daAuts
     D:9: 1145 daAuts
     D:6: 1055 daAuts
    D:12: 893 daAuts
    D:11: 859 daAuts
     D:4: 854 daAuts
     D:3: 846 daAuts
     D:1: 829 daAuts
    D:10: 809 daAuts
   Orc:1: 790 daAuts
     D:2: 748 daAuts
